 Dungeon Crawl Stone Soup version 0.31-a0-1549-g5ff9445e89 (webtiles) character file.

Game seed: 6963803252904223369

14116 grandjackal the Fighter (level 11, -4/98 HPs)
             Began as a Demonspawn Gladiator on Jan 2, 2024.
             Was a Priest of Makhleb.
             Killed from afar by a gargoyle (10 damage)
             ... with a stone arrow
             ... on level 12 of the Dungeon.
             The game lasted 00:12:24 (9384 turns).

grandjackal the Fighter (Demonspawn Gladiator)      Turns: 9384, Time: 00:12:26

Health: -4/98      AC: 10    Str: 24    XL:     11   Next: 84%
Magic:  18/18      EV: 17    Int:  8    God:    Makhleb [***...]
Gold:   402        SH:  0    Dex: 16    Spells: 10/10 levels left

rFire   + . .        G - +2 broad axe (flame)
rCold   + . .        (no shield)
rNeg    . . .        F - +2 scale mail {Will+}
rPois   .            c - +0 helmet
rElec   .            r - scarf {rC+ rF+}
rCorr   .            (no gloves)
SInv    .            (no boots)
Will    +....        B - amulet of regeneration Stlth
                     y - +6 ring of strength
HPRegen 1.16/turn    K - +5 ring of evasion
MPRegen 0.16/turn

%: no passive effects
@: no status effects
A: hooves 2, rugged brown scales 1, demonic guardian 1, spiny 1
a: Renounce Religion, Minor Destruction, Lesser Servant of Makhleb


You were on level 12 of the Dungeon.
You worshipped Makhleb.
Makhleb was most pleased with you.
You visited 2 branches of the dungeon, and saw 13 of its levels.
You also visited: Sewer.

You collected 726 gold pieces.
You spent 324 gold pieces at shops.

Inventory:

Hand Weapons
 x - a +1 war axe of venom
 G - a +2 broad axe of flaming (weapon)
Missiles
 d - 5 throwing nets
 e - 5 javelins
 p - 6 boomerangs (quivered)
Armour
 c - a +0 helmet (worn)
 r - a scarf of resistance (worn)
 F - a +2 scale mail of willpower (worn)
Jewellery
 y - a +6 ring of strength (left hand)
 B - an amulet of regeneration (around neck)
 K - a +5 ring of evasion (right hand)
Wands
 E - a wand of flame (19)
 H - a wand of roots (13)
Scrolls
 a - 3 scrolls of teleportation
 b - 4 scrolls of fog {unknown}
 g - 3 scrolls of enchant armour {unknown}
 h - 6 scrolls of identify {unknown}
 i - 2 scrolls of brand weapon {unknown}
 j - 3 scrolls of revelation
 k - a scroll of vulnerability {unknown}
 o - 2 scrolls of acquirement {unknown}
 s - 5 scrolls of fear
 z - 2 scrolls of poison {unknown}
 C - a scroll of silence {unknown}
 D - a scroll of enchant weapon {unknown}
 I - a scroll of amnesia {unknown}
 L - 5 scrolls of blinking
 N - a scroll of torment {unknown}
Potions
 f - 2 potions of invisibility {unknown}
 l - a potion of attraction {unknown}
 m - 4 potions of enlightenment {unknown}
 n - a potion of mutation {unknown}
 q - 2 potions of curing
 t - 4 potions of cancellation {unknown}
 u - a potion of heal wounds {unknown}
 v - 2 potions of magic {unknown}
 w - 2 potions of haste {unknown}
 A - 3 potions of brilliance {unknown}
 J - 2 potions of resistance {unknown}
 M - a potion of degeneration {unknown}


   Skills:
 + Level 12.5 Fighting
 + Level 11.6 Axes
 - Level 2.0 Throwing
 - Level 4.0 Dodging
 + Level 10.0 Invocations


You had 10 spell levels left.
You didn't know any spells.
Your spell library contained the following spells:

 Spells                   Type           Power      Damage    Failure   Level
 Apportation              Tloc           0%         N/A       75%         1
 Magic Dart               Conj           0%         1d3       75%         1
 Necrotise                Necr           0%         1d4       75%         1
 Sting                    Conj/Alch      0%         1d3       75%         1
 Summon Small Mammal      Summ           0%         N/A       75%         1
 Blink                    Tloc           0%         N/A       86%         2
 Call Imp                 Summ           0%         N/A       86%         2
 Jinxbite                 Hex            0%         N/A       86%         2
 Mercury Vapours          Alch/Air       0%         N/A       86%         2
 Scorch                   Fire           0%         2d5       86%         2
 Call Canine Familiar     Summ           0%         N/A       98%         3
 Tukima's Dance           Hex            0%         N/A       98%         3
 Vampiric Draining        Necr           0%         2d6       98%         3
 Volatile Blastmotes      Fire/Tloc      0%         2d10      98%         3
 Flame Wave               Conj/Fire      0%         2d4       100%        4
 Fulminant Prism          Conj/Alch      0%         3d5       100%        4
 Iskenderun's Mystic Bla  Conj/Tloc      0%         2d3       100%        4
 Martyr's Knell           Necr/Summ      0%         N/A       100%        4
 Olgreb's Toxic Radiance  Alch           0%         N/A       100%        4
 Passage of Golubria      Tloc           0%         N/A       100%        4
 Summon Blazeheart Golem  Fire/Summ      0%         N/A       100%        4
 Alistair's Intoxication  Alch           0%         N/A       100%        5
 Curse of Agony           Necr           0%         N/A       100%        5
 Yara's Violent Unravell  Hex/Alch       0%         3d3       100%        5
 Summon Cactus Giant      Summ           0%         N/A       100%        6


Dungeon Overview and Level Annotations

Branches:
Dungeon (12/15)            Temple (1/1) D:7            Lair (0/5) D:10
    Orc (0/2) D:9           Sewer (visited)

Altars:
Ashenzari
Cheibriados
Dithmenos
Fedhas
Gozag
Hepliaklqana
Kikubaaqudgha
Makhleb
Nemelex Xobeh
Okawaru
Qazlal
Ru
Sif Muna
Trog
Uskayaw
Vehumet
Wu Jian
Xom
Yredelemnul

Shops:
D:9 *   D:10 (

Annotations:
D:8 2 transporters, MisterAzrael's ghost, novice HOFi


Innate Abilities, Weirdness & Mutations

You have hoof-like feet.
You are partially covered in rugged brown scales. (AC +1, +3% HP)
A weak demonic guardian rushes to your aid.
You are partially covered in sharp spines.


Message History

You hit the gargoyle. You burn the gargoyle.
You kick the gargoyle, but do no damage.
The gargoyle is heavily damaged.
You hit the troll. You burn the troll. The gargoyle is struck by your spines.
The gargoyle hits you with a +0 morningstar!
* * * LOW HITPOINT WARNING * * *
The troll is struck by your spines. The troll bites you but does no damage.
The troll barely misses you. The troll closely misses you.
You hit the gargoyle but do no damage.
You kick the gargoyle, but do no damage.
The gargoyle is heavily damaged.
You hit the troll but do no damage. The troll misses you.
The troll claws you but does no damage. The troll claws you!
* * * LOW HITPOINT WARNING * * *
A demonic guardian appears!
The gargoyle hits you with a +0 morningstar!
* * * LOW HITPOINT WARNING * * *
You feel better.
The gargoyle hurls a stone arrow at you.
The stone arrow hits you!
* * * LOW HITPOINT WARNING * * *
The troll is struck by your spines. The troll closely misses you.
The troll barely misses you. The troll claws you.
* * * LOW HITPOINT WARNING * * *
The troll bites your shadow imp! The troll claws your shadow imp.
Your shadow imp dies!
Your shadow imp disappears in a puff of smoke!
You feel better.
Throw: 6 boomerangs
Press: ? - help, Q - select action, (/) - cycle Shift-Dir - straight line, f - gargoyle
Aim: a gargoyle, wielding a +0 morningstar (heavily damaged, 78% to hit)
You throw a boomerang.
The boomerang closely misses the gargoyle.
The gargoyle is struck by your spines. The gargoyle closely misses you.
The troll bites you!
* * * LOW HITPOINT WARNING * * *
The troll closely misses you. The troll barely misses you.
The gargoyle hurls a stone arrow at you.
The stone arrow hits you!
You die...

........................
##.....................?
.........................
.....#<..................
......†††..................
.........................$#.
........#....................
...............9T...........#
#....#.........@............#.
#.............................#.
###..##.....##..................
..##.....##.......>........... .
#.#.#.....................#
...###....##...##....#.....#
.... ...### ##..##....#...# #.
.#.# #...........# ##
##.....#....#


You could see a troll and a gargoyle.

Vanquished Creatures
  Nergalle (D:11)
  2 manticores (D:11)
  An unseen horror (D:11)
  Jeremiah (D:6)
  Maggie (D:7)
  3 komodo dragons
  5 trolls
  Grinder (D:6)
  4 slime creatures (D:12)
  A shadow (D:9)
  2 wyverns (D:10)
  19 yaks
  A basilisk (D:10)
  4 vampire mosquitoes (D:12)
  4 water moccasins (D:10)
  An ice beast (D:6)
  3 orc warriors
  2 sky beasts
  2 black bears
  2 centaurs
  6 kobold brigands
  4 bullfrogs
  5 scorpions
  16 wights
  18 killer bees
  10 howler monkeys
  A bombardier beetle (D:5)
  3 hounds
  2 jellies
  5 orc priests
  2 sleepcaps
  A gnoll bouda (D:6)
  An iguana (D:6)
  5 orc wizards
  11 adders
  3 gnolls (D:6)
  3 river rats
  3 white imps
  3 ribbon worms
  5 dart slugs
  29 orcs
  4 bats
  13 endoplasms
  7 giant cockroaches
  11 goblins
  4 hobgoblins
  10 jackals
  5 quokkas
  10 ball pythons
  10 frilled lizards
  29 kobolds
  7 rats
  A spectral kobold (D:3)
307 creatures vanquished.

Vanquished Creatures (collateral kills)
  Menkaure (D:6)
  An orc warrior (D:9)
  A jelly (D:4)
  An iguana (D:5)
  An orc (D:3)
  2 endoplasms
  A hobgoblin (D:2)
  A jackal (D:2)
9 creatures vanquished.

Grand Total: 316 creatures vanquished

Notes
Turn   | Place    | Note
-------+----------+-------------------------------------------
     0 | D:1      | grandjackal the Demonspawn Gladiator began the quest for
                  | the Orb.
     0 | D:1      | Reached XP level 1. HP: 16/16 MP: 1/1
   183 | D:1      | Gained mutation: You have large cloven feet. [demonic
                  | ancestry]
   183 | D:1      | Reached XP level 2. HP: 22/22 MP: 2/2
   694 | D:2      | Gained mutation: A weak demonic guardian rushes to your
                  | aid. [demonic ancestry]
   694 | D:2      | Reached XP level 3. HP: 28/28 MP: 3/3
  1194 | D:2      | Reached skill level 3 in Fighting
  1194 | D:2      | Reached XP level 4. HP: 35/35 MP: 4/4
  1680 | D:3      | Found a faded altar of an unknown god.
  1850 | D:3      | Found a hazy altar of Hepliaklqana.
  2122 | D:4      | Reached XP level 5. HP: 36/41 MP: 5/5
  2252 | D:4      | Reached skill level 4 in Fighting
  2252 | D:4      | Gained mutation: You have hoof-like feet. [demonic
                  | ancestry]
  2252 | D:4      | Reached XP level 6. HP: 35/48 MP: 6/6
  2388 | D:4      | Found a glowing drain.
  2392 | Sewer    | Entered a sewer
  2571 | Sewer    | Found a viscous altar of Jiyva.
  3151 | D:4      | Reached skill level 5 in Fighting
  3151 | D:4      | Reached skill level 5 in Axes
  3151 | D:4      | Gained mutation: You are partially covered in rugged brown
                  | scales. (AC +1, +3% HP) [demonic ancestry]
  3151 | D:4      | Reached XP level 7. HP: 45/57 MP: 7/7
  3358 | D:5      | Entered Level 5 of the Dungeon
  3562 | D:5      | Reached skill level 6 in Fighting
  3784 | D:5      | Reached XP level 8. HP: 8/66 MP: 8/8
  4510 | D:5      | Found a shimmering blue altar of Sif Muna.
  4518 | D:5      | Found a basalt altar of Yredelemnul.
  4613 | D:5      | Reached skill level 7 in Fighting
  5180 | D:6      | Noticed Grinder
  5182 | D:6      | Paralysed by Grinder for 2 turns
  5196 | D:6      | Killed Grinder
  5343 | D:6      | Noticed Jeremiah
  5390 | D:6      | Killed Jeremiah
  5391 | D:6      | Reached skill level 8 in Fighting
  5391 | D:6      | Reached XP level 9. HP: 65/76 MP: 9/9
  5763 | D:6      | Noticed Menkaure
  5774 | D:6      | Killed Menkaure
  5975 | D:7      | Noticed Maggie
  5975 | D:7      | Found a broken altar of Ashenzari.
  5983 | D:7      | Killed Maggie
  5984 | D:7      | Reached skill level 9 in Fighting
  6029 | D:7      | Found a staircase to the Ecumenical Temple.
  6040 | Temple   | Entered the Ecumenical Temple
  6059 | Temple   | Became a worshipper of Makhleb the Destroyer
  6603 | D:8      | Noticed a komodo dragon
  6612 | D:8      | Killed a komodo dragon
  6613 | D:8      | Reached skill level 10 in Fighting
  6613 | D:8      | Reached skill level 1 in Invocations
  6672 | D:8      | Found a shimmering altar of Xom.
  6687 | D:8      | Found a transporter.
  6806 | D:8      | Gained mutation: You are partially covered in sharp spines.
                  | [demonic ancestry]
  6806 | D:8      | Reached XP level 10. HP: 87/87 MP: 11/11
  6855 | D:8      | Noticed MisterAzrael's ghost (novice HOFi)
  6856 | D:8      | Found a transporter.
  6910 | D:8      | Reached * piety under Makhleb
  7269 | D:9      | Found a snail-covered altar of Cheibriados.
  7271 | D:9      | Reached ** piety under Makhleb
  7275 | D:9      | Reached skill level 5 in Invocations
  7276 | D:9      | Reached skill level 10 in Axes
  7280 | D:9      | Found Soha's General Store.
  7345 | D:9      | Bought a scroll of teleportation for 39 gold pieces
  7345 | D:9      | Bought a scroll of blinking for 97 gold pieces
  7345 | D:9      | Bought a scroll of fear for 52 gold pieces
  7345 | D:9      | Bought a potion of curing for 39 gold pieces
  7345 | D:9      | Bought a scroll of revelation for 97 gold pieces
  7455 | D:9      | Reached skill level 11 in Fighting
  7471 | D:9      | Found a staircase to the Orcish Mines.
  7554 | D:9      | Found a sacrificial altar of Ru.
  7840 | D:10     | Entered Level 10 of the Dungeon
  7877 | D:10     | Found an iron altar of Okawaru.
  8013 | D:10     | Reached XP level 11. HP: 83/95 MP: 16/16
  8021 | D:10     | Reached *** piety under Makhleb
  8086 | D:10     | Found Gooddeq's Antique Weapon Shoppe.
  8114 | D:10     | Identified the +0 falchion of Qazlal's Outrage {pain,
                  | rCorr}
  8269 | D:10     | Found a staircase to the Lair.
  8569 | D:11     | Reached skill level 12 in Fighting
  8717 | D:11     | Noticed a skeletal warrior
  8718 | D:11     | Noticed a skeletal warrior
  8719 | D:11     | Noticed a skeletal warrior
  8719 | D:11     | Noticed a skeletal warrior
  8723 | D:11     | Noticed Nergalle
  8723 | D:11     | Noticed a skeletal warrior
  9016 | D:11     | Killed Nergalle
  9370 | D:12     | Reached skill level 10 in Invocations
  9381 | D:12     | HP: 3/98 [troll (2)]
  9384 | D:12     | Killed from afar by a gargoyle

Illustrated notes

Levels and vault maps discovered:
D:1:      amcnicky_arrival_blooded_trapdoor, layout_rooms, minmay_misc_feat_iff,
          st_stairs_11
D:2:      minmay_chambers_of_ones, layout_rooms
D:3:      layout_rooms, nicolae_hepliaklqana_monster_ancestors,
          ebering_ecumenical_altar_sacrificial
D:4:      layout_loops_ring, gup_sewer_entry_spiral, eino_tiny_chamber,
          lexackson_kobold_supper
D:5:      layout_cave_pods, jmf_multi_god_temple2, grunt_decor_clamped,
          minmay_circle_x
D:6:      layout_loops_corners, serial_park_tiny_1, uniq_menkaure,
          uniq_jeremiah, uniq_grinder
D:7:      layout_rooms, nicolae_ashenzari_skybound,
          minmay_temple_entry_statues_fountains, uniq_maggie
D:8:      layout_basic, xom_teletrap_fun, gammafunk_ghost_arena,
          nicolae_nh_ransacked_shop
D:9:      layout_basic, kennysheep_slug_shrine, mainiacjoe_overflow_alcove_1,
          nicolae_ru_great_annihilating_truth, orc_0_dummy, serial_shops, shop
D:10:     layout_small_grid, mainiacjoe_overflow_catch_the_wave,
          minmay_lair_entry_grove, serial_shops, nicolae_shop_back_alley_shop
D:11:     layout_layer_cave, uniq_nergalle
D:12:     layout_cave_pools, enter_trove_3
Temple:   hellmonk_temple_flake

Skill      XL: |  1  2  3  4  5  6  7  8  9 10 11 |
---------------+----------------------------------+-----
Throwing       | 2 |  2.0
Dodging        | 3 4 |  4.0
Axes           | 3 4 5 6 7 9 10 11 | 11.6
Fighting       | 3 4 5 6 8 10 11 12 | 12.5
Invocations    | 2 7 10 | 10.0

Action                     |  1- 3 |  4- 6 |  7- 9 | 10-12 || total
---------------------------+-------+-------+-------+-------++-------
  Melee: War axe           |    96 |   182 |   152 |       ||   430
         Kick              |    18 |    42 |    77 |    86 ||   223
         Punch             |       |     2 |     1 |     4 ||     7
         Broad axe         |       |       |    62 |   253 ||   315
  Throw: Boomerang         |       |       |     6 |     1 ||     7
  Evoke: Wand              |       |       |     1 |       ||     1
    Use: Potion            |       |       |       |     3 ||     3
         Scroll            |       |       |       |     2 ||     2
   Stab: Distracted        |       |       |     1 |     1 ||     2
         Paralysed         |       |       |       |     1 ||     1
 Armour: Leather armour    |    46 |       |       |       ||    46
         Ring mail         |    26 |   109 |   110 |       ||   245
         Scale mail        |       |       |    64 |   240 ||   304
  Dodge: Dodged            |    81 |   130 |   126 |   199 ||   536

Table legend: (Time is in decaauts)
 A = Elapsed time spent in this place.
 B = Non-inter-level travel time spent in this place.
 C = Inter-level travel time spent in this place.
 D = Time resting spent in this place.
 E = Time spent auto-exploring this place.
 F = Levels seen in this place.
 G = Mean time per level.
                   A        B        C        D        E       F      G
               +--------+--------+--------+--------+--------+-----+--------+
         Total |   9599 |   9320 |    279 |   1464 |   5520 |  14 |  685.6 |
       Dungeon |   9266 |   8987 |    279 |   1464 |   5402 |  12 |  772.2 |
        Temple |     33 |     33 |      0 |      0 |      0 |   1 |   33.0 |
         Sewer |    299 |    299 |      0 |      0 |    118 |   1 |  299.0 |
               +--------+--------+--------+--------+--------+-----+--------+

Top non-repeatable levels by time:
     D:5: 1443 daAuts
     D:6: 1214 daAuts
     D:4: 1121 daAuts
     D:2: 739 daAuts
    D:10: 729 daAuts
     D:3: 685 daAuts
     D:8: 674 daAuts
    D:11: 670 daAuts
     D:1: 667 daAuts
     D:7: 583 daAuts
     D:9: 579 daAuts
   Sewer: 299 daAuts
    D:12: 156 daAuts
  Temple: 33 daAuts
